 Dungeon Crawl Stone Soup version 0.21.1-1-g345015f (webtiles) character file.

10003 kaytrill the Carver (level 11, 0/82 HPs)
             Began as a Minotaur Fighter on June 23, 2018.
             Was a High Priest of Makhleb.
             Slain by a black mamba (4 damage)
             ... on level 2 of the Lair of Beasts.
             The game lasted 00:33:44 (9399 turns).

kaytrill the Carver (Minotaur Fighter)              Turns: 9399, Time: 00:33:51

Health: 0/82       AC: 14    Str: 21    XL:     11   Next: 30%
Magic:  10/10      EV:  7    Int:  5    God:    Makhleb [*****.]
Gold:   559        SH: 16    Dex: 17    Spells: 10/10 levels left

rFire    . . .     SeeInvis +   C - +2 scimitar (flame)
rCold    . . .     Gourm    .   c - +0 shield
rNeg     . . .     Faith    .   j - +0 chain mail
rPois    +         Spirit   .   (helmet restricted)
rElec    .         Reflect  +   A - +0 cloak
rCorr    .         Harm     .   (no gloves)
MR       +....                  k - +2 pair of boots
Stlth    ..........             K - +2 amulet of reflection
HPRegen  0.23/turn              H - ring of Voraebeq {MR+ Dex+4 SInv}
MPRegen  0.12/turn              B - ring of poison resistance

@: lethally poisoned (0 -> -1)
A: retaliatory headbutt, horns 2
a: Minor Destruction, Lesser Servant of Makhleb, Major Destruction, Greater
Servant of Makhleb, Renounce Religion


You were on level 2 of the Lair of Beasts.
You worshipped Makhleb.
Makhleb was extremely pleased with you.
You were not hungry.

You visited 3 branches of the dungeon, and saw 13 of its levels.

You collected 559 gold pieces.

Inventory:

Hand Weapons
 C - a +2 scimitar of flaming (weapon)
Missiles
 I - 10 tomahawks (quivered)
Armour
 c - a +0 shield (worn)
 j - a +0 chain mail (worn)
 k - a +2 pair of boots (worn)
 z - a +0 scale mail
 A - a +0 cloak (worn)
 Q - a +0 buckler
Jewellery
 o - an uncursed ring of wizardry
 p - an uncursed ring of flight
 B - a ring of poison resistance (right hand)
 H - the ring of Voraebeq (left hand) {MR+ Dex+4 SInv}
   (You found it on level 5 of the Dungeon)

   [ring of see invisible]

   It affects your dexterity (+4).
   It affects your resistance to hostile enchantments.
   It lets you see invisible.
 K - a +2 amulet of reflection (around neck)
 N - an uncursed ring of resist corrosion
 P - an uncursed ring of positive energy
 T - an uncursed amulet of harm {unknown}
 V - the amulet of Greater Demons {Harm *Drain rF+ rC+ Dex+2, unknown}
   (You found it on level 10 of the Dungeon)

   [amulet of harm]

   It increases damage dealt and taken.
   It affects your dexterity (+2).
   It protects you from fire.
   It protects you from cold.
   It causes draining when unequipped.
Wands
 x - a wand of clouds (4)
 O - a wand of flame (40)
 S - a wand of iceblast (7)
Scrolls
 b - a scroll of holy word {unknown}
 h - 5 scrolls of remove curse
 i - a scroll of random uselessness {unknown}
 l - 2 scrolls of enchant weapon {unknown}
 n - 6 scrolls of teleportation
 u - 2 scrolls of magic mapping {unknown}
 y - a scroll of fog {unknown}
 D - a scroll of noise {unknown}
 E - 2 scrolls of immolation {unknown}
 M - 6 scrolls of identify
 U - a scroll of summoning {unknown}
Potions
 a - a potion of heal wounds {unknown}
 d - 4 potions of might
 g - 4 potions of curing {unknown}
 m - a potion of invisibility {unknown}
 q - a potion of resistance {unknown}
 r - 2 potions of lignification {unknown}
 s - 3 potions of mutation {unknown}
 t - 5 potions of cancellation {unknown}
 v - 2 potions of flight {unknown}
 w - 3 potions of degeneration {unknown}
 F - a potion of berserk rage {unknown}
 G - a potion of brilliance {unknown}
 J - 2 potions of magic {unknown}
 L - a potion of haste {unknown}
Books
 e - a book of Geomancy

   Spells                             Type                      Level
   a - Sandblast                      Earth                        1
   b - Passwall                       Transmutation/Earth          2
   c - Stone Arrow                    Conjuration/Earth            3
   d - Petrify                        Transmutation/Earth          4
   e - Lee's Rapid Deconstruction     Earth                        5
 R - a book of Air

   Spells                             Type                      Level
   a - Shock                          Conjuration/Air              1
   b - Swiftness                      Charms/Air                   2
   c - Static Discharge               Conjuration/Air              3
   d - Airstrike                      Air                          4
   e - Lightning Bolt                 Conjuration/Air              5
Comestibles
 f - 27 rations


   Skills:
 - Level 3.6 Fighting
 - Level 14.3 Long Blades
 - Level 6.0 Armour
 + Level 14.3 Shields


You had 10 spell levels left.
You didn't know any spells.

Dungeon Overview and Level Annotations

Branches:
Dungeon (10/15)            Temple (1/1) D:6            Lair (2/6) D:10
    Orc (0/2) D:9
  Swamp: Lair:2-4    Shoals: Lair:2-4     Snake: Lair:2-4    Spider: Lair:2-4

Altars:
Ashenzari
Cheibriados
Dithmenos
Elyvilon
Fedhas
Gozag
Hepliaklqana
Kikubaaqudgha
Makhleb
Nemelex Xobeh
Okawaru
Qazlal
Ru
Sif Muna
Trog
Uskayaw
Vehumet
Wu Jian
Xom
Yredelemnul
Zin
The Shining One
Beogh


Innate Abilities, Weirdness & Mutations

You reflexively headbutt those who attack you in melee.
You have a pair of horns on your head.


Message History

There is a stone staircase leading down here.
You miss the blink frog. Your headbutt misses the blink frog.
The blink frog blinks!
You block the blink frog's attack. The spiny frog stings you!!
You barely miss the blink frog. You block the blink frog's attack.
The spiny frog stings you but does no damage.
You feel sick. The blink frog hits you!
* * * LOW HITPOINT WARNING * * *
The spiny frog closely misses you. You furiously retaliate!
You headbutt the spiny frog, but do no damage.
You riposte.
You closely miss the spiny frog.
The spiny frog is moderately wounded.
The hippogriff bites you but does no damage.
You block the hippogriff's attack.
The hippogriff claws you but does no damage.
You climb downwards.
You block the black mamba's attack. You block the water moccasin's attack.
The black mamba bites you!
* * * LOW HITPOINT WARNING * * *
You block the water moccasin's attack. The black mamba bites you.
You die...

#..... .....
#....# .....
#....#......
#......... .
#....#.....
#.##......#.#.#
......SF.......
.......@.......
#.##..SHF......
...............
....#...#..##..
..P #.......# .
.. .......... .
...... .....
.............


You could see a hippogriff, a black mamba, a spiny frog, a blink frog and a
water moccasin.

Vanquished Creatures
  A hydra (D:10)
  Erica (D:8)
  A two-headed ogre (D:9)
  The ghost of reamonnk the Fighter, a novice MiBe of Trog (D:9)
  Pikel (D:7)
  The ghost of kaytrill the Firebug, a novice HuFE (D:5)
  2 dream sheep (D:10)
  2 blink frogs (Lair:1)
  A hippogriff (D:8)
  3 yaks
  The ghost of nicolaieve the Chopper, an amateur MiBe of Trog (D:4)
  A hungry ghost (D:9)
  Menkaure (D:9)
  A water moccasin (Lair:1)
  2 ice beasts
  2 porcupines (Lair:1)
  2 hell hounds (D:10)
  6 orc warriors
  A necrophage (D:9)
  An eye of draining (D:8)
  2 ogres
  3 centaurs
  4 big kobolds
  5 bullfrogs
  A water moccasin zombie (D:7)
  4 scorpions
  15 killer bees
  3 howler monkeys
  2 crimson imps
  A quasit (D:6)
  2 bullfrog zombies
  8 orc priests
  A jelly (D:10)
  A gnoll shaman (D:7)
  A centaur skeleton (D:7)
  3 hounds
  Crazy Yiuf (D:3)
  2 bullfrog skeletons (D:4)
  2 iguanas
  10 orc wizards
  12 worker ants
  A hound zombie (D:7)
  A hound skeleton (D:4)
  Robin (D:4)
  9 gnolls
  3 adders
  A shadow imp (D:7)
  An ooze (D:2)
  2 adder skeletons
  2 worms
  A dart slug (D:1)
  2 leopard geckos
  36 orcs
  8 bats
  7 giant cockroaches
  11 goblins
  10 hobgoblins
  12 jackals
  4 quokkas
  8 frilled lizards
  A jackal skeleton (D:8)
  A jackal zombie (D:5)
  20 kobolds
  A leopard gecko skeleton (D:7)
  A leopard gecko zombie (D:9)
  11 rats
270 creatures vanquished.

Vanquished Creatures (others)
  A plant (Lair:1)
1 creature vanquished.

Grand Total: 271 creatures vanquished

Notes
Turn   | Place    | Note
-------+----------+-------------------------------------------
     0 | D:1      | kaytrill the Minotaur Fighter began the quest for the Orb.
     0 | D:1      | Reached XP level 1. HP: 19/19 MP: 0/0
    56 | D:1      | Reached XP level 2. HP: 19/26 MP: 1/1
   953 | D:2      | Reached XP level 3. HP: 23/31 MP: 2/2
  1392 | D:2      | Found a shattered altar of Ashenzari.
  1809 | D:3      | Found a runed door.
  1916 | D:3      | Reached XP level 4. HP: 15/39 MP: 3/3
  1950 | D:3      | Reached skill level 5 in Long Blades
  1956 | D:3      | Reached XP level 5. HP: 12/45 MP: 4/4
  2911 | D:3      | Noticed Crazy Yiuf
  2916 | D:3      | Killed Crazy Yiuf
  2944 | D:4      | Noticed a centaur
  2962 | D:3      | Reached skill level 5 in Shields
  3033 | D:4      | Killed a centaur
  3033 | D:4      | Reached XP level 6. HP: 24/51 MP: 5/5
  3190 | D:4      | Found a glowing silver altar of Zin.
  3193 | D:4      | Found a hazy altar of Hepliaklqana.
  3193 | D:4      | Found a burning altar of Makhleb.
  3193 | D:4      | Found a blossoming altar of Fedhas.
  3202 | D:4      | Became a worshipper of Makhleb the Destroyer
  3216 | D:4      | Found a snail-covered altar of Cheibriados.
  3276 | D:4      | Found an ornate altar of the Wu Jian Council.
  3300 | D:4      | Noticed nicolaieve's ghost (amateur MiBe)
  3347 | D:4      | Killed nicolaieve's ghost
  3347 | D:4      | Reached XP level 7. HP: 35/57 MP: 6/6
  3599 | D:4      | Noticed Robin
  3623 | D:4      | Killed Robin
  3690 | D:4      | Reached * piety under Makhleb
  4161 | D:5      | Entered Level 5 of the Dungeon
  4290 | D:5      | Got a translucent glass ring
  4614 | D:5      | Got an ichor-stained short sword
  4727 | D:5      | Noticed kaytrill's ghost (novice HuFE)
  4735 | D:5      | Killed kaytrill's ghost
  4735 | D:5      | Reached skill level 10 in Long Blades
  4735 | D:5      | Reached XP level 8. HP: 37/64 MP: 7/7
  5210 | D:6      | Identified the ring of Voraebeq {MR+ Dex+4 SInv} (You found it on level 5 of the Dungeon)
  5303 | D:6      | Reached ** piety under Makhleb
  5683 | D:6      | Found a staircase to the Ecumenical Temple.
  5695 | Temple   | Entered the Ecumenical Temple
  6066 | D:6      | Found a snail-covered altar of Cheibriados.
  6266 | D:7      | Reached XP level 9. HP: 70/70 MP: 8/8
  6716 | D:7      | Reached *** piety under Makhleb
  6754 | D:7      | Noticed Pikel
  6774 | D:7      | HP: 2/70 [Pikel/whip of electrocution (13)]
  6775 | D:7      | Killed Pikel
  7336 | D:7      | Found a sparkling altar of Nemelex Xobeh.
  7652 | D:8      | Noticed Erica
  7682 | D:8      | Killed Erica
  7682 | D:8      | Reached skill level 5 in Armour
  7682 | D:8      | Reached XP level 10. HP: 75/77 MP: 9/9
  7810 | D:8      | Found a basalt altar of Yredelemnul.
  8158 | D:9      | Found a stormy altar of Qazlal.
  8205 | D:9      | Noticed reamonnk's ghost (novice MiBe)
  8234 | D:9      | Killed reamonnk's ghost
  8234 | D:9      | Reached skill level 10 in Shields
  8238 | D:9      | Reached **** piety under Makhleb
  8274 | D:9      | Found a bloodstained altar of Trog.
  8274 | D:9      | Found a white marble altar of Elyvilon.
  8304 | D:9      | Found a staircase to the Orcish Mines.
  8418 | D:9      | Noticed Menkaure
  8421 | D:9      | Killed Menkaure
  8436 | D:9      | Noticed a two-headed ogre
  8446 | D:9      | Killed a two-headed ogre
  8470 | D:9      | Found a roughly hewn altar of Beogh.
  8643 | D:9      | Found a shimmering altar of Xom.
  8939 | D:10     | Entered Level 10 of the Dungeon
  8970 | D:10     | Reached XP level 11. HP: 82/82 MP: 10/10
  8994 | D:10     | Noticed a three-headed hydra
  9000 | D:10     | Killed a one-headed hydra
  9146 | D:10     | Found a staircase to the Lair.
  9167 | D:10     | Got a pitted iron amulet
  9301 | Lair:1   | Entered Level 1 of the Lair of Beasts
  9369 | Lair:1   | Reached ***** piety under Makhleb
  9399 | Lair:2   | HP: 4/82 [black mamba (12)]
  9399 | Lair:2   | Slain by a black mamba

Skill      XL: |  1  2  3  4  5  6  7  8  9 10 11 |
---------------+----------------------------------+-----
Shields        | 4 5 6 7 8 13 14 | 14.3
Long Blades    | 3 4 5 7 8 10 12 14 | 14.3
Armour         | 5 6 |  6.0
Fighting       | |  3.6

Action                   |  1- 3 |  4- 6 |  7- 9 | 10-12 || total
-------------------------+-------+-------+-------+-------++-------
Melee: Long sword        |   114 |   122 |   413 |     7 ||   656
       Headbutt          |    15 |    22 |   104 |    63 ||   204
       Scimitar          |       |       |       |   319 ||   319
  Use: Scroll            |       |       |     4 |     2 ||     6
 Stab: Invisible         |       |     1 |       |       ||     1
  Eat: Chunk             |     2 |     5 |    11 |     7 ||    25
       Ration            |       |       |     1 |       ||     1
Armor: Scale mail        |    22 |       |       |       ||    22
       Chain mail        |    34 |    48 |   167 |    89 ||   338
Dodge: Dodged            |    22 |    17 |    53 |    50 ||   142
Block: Shield            |    47 |    62 |   209 |   210 ||   528
       Reflection        |       |       |     5 |     5 ||    10
       Rpst.: Long sword |     5 |     5 |    22 |       ||    32
       Scimitar          |       |       |       |    19 ||    19
